 Dungeon Crawl Stone Soup version 0.13-a0-3133-gec0fa00 (webtiles) character file.

649 Misa the Poker (level 7, 0/54 HPs)
             Began as a Human Chaos Knight on Sept 21, 2013.
             Was a Plaything of Xom.
             Slain by a thrashing horror (6 damage)
             ... on Level 1 of the Abyss.
             The game lasted 00:15:32 (3682 turns).

Misa the Poker (Human Chaos Knight)                 Turns: 3682, Time: 00:15:33

HP   0/54        AC  8     Str 14      XL: 7   Next: 28%
MP   7/7         EV  9     Int 13      God: Xom
Gold 187         SH  8     Dex 14      Spells:  0 memorised,  6 levels left

Res.Fire  : . . .   See Invis. : .   a - +0,+1 spear (chaos) {=f}
Res.Cold  : . . .   Warding    : .   b - +2 leather armour (curse)
Life Prot.: . . .   Conserve   : .   o - +1 buckler
Res.Poison: .       Res.Corr.  : .   (no helmet)
Res.Elec. : .       Clarity    : .   s - +2 cloak
Sust.Abil.: . .     Spirit.Shd : .   (no gloves)
Res.Mut.  : .       Stasis     : .   (no boots)
Res.Rott. : .       Flight     : .   (no amulet)
Saprovore : . . .                    (no ring)
                                     k - cursed +0,+8 ring of slaying

@: slightly resistant to hostile enchantments, unstealthy
A: fangs 1, fast metabolism 1, sense surroundings 1, Dex +2
a: Renounce Religion


You were on level 1 of the Abyss.
You worshipped Xom.
You were a plaything of Xom.
You were not hungry.

You visited 1 branch of the dungeon, and saw 4 of its levels.
You visited the Abyss 1 time.

You collected 167 gold pieces.

Inventory:

Hand weapons
 a - a +0,+1 spear of chaos (weapon) {=f}
 i - a +3,+3 quarterstaff of chaos
 w - a +0,+0 sling
Missiles
 l - 10 poisoned needles
 p - 15 darts (quivered)
 x - 11 sling bullets
 y - 16 sling bullets of flame
Armour
 b - a cursed +2 leather armour (worn)
 o - a +1 buckler (worn)
 s - a +2 cloak (worn)
Magical devices
 d - a wand of slowing (8) {unknown}
Comestibles
 c - a bread ration
 n - a choko
 r - 5 meat rations
 t - a beef jerky
Scrolls
 e - 3 scrolls of identify
Jewellery
 k - a cursed +0,+8 ring of slaying (left hand)
Potions
 j - a potion of brilliance
 u - a potion of flight


   Skills:
 + Level 5.8 Fighting
 + Level 5.9 Polearms
 - Level 2.0 Armour
 - Level 1.0 Dodging


You had 6 spell levels left.
You didn't know any spells.

Dungeon Overview and Level Annotations

Branches:
Dungeon (4/27)
 Temple: D:4-7

Altars:
Xom

Annotations:
D:3 Grinder
D:4 Sigmund


Innate Abilities, Weirdness & Mutations

You have very sharp teeth.
You are agile. (Dex +2)
You have a fast metabolism.
You passively map a small area around you.


Message History

Drink which item? (? for menu, Esc to quit)
You feel better.
Read which item? (? for menu, Esc to quit)
Enchant which item? (? for menu, Esc to quit)
As you read the scroll of enchant armour, it crumbles to dust.
Your +1 cloak glows green for a moment.
The thrashing horror tramples you!
* * * LOW HITPOINT WARNING * * *
You hold your ground!
The thrashing horror tramples you!
* * * LOW HITPOINT WARNING * * *
You hold your ground!
You hit the thrashing horror but do no damage.
Your bite misses the thrashing horror.
The thrashing horror is lightly damaged.
The thrashing horror barely misses you.
You block the thrashing horror's attack.
You hit the thrashing horror.
The thrashing horror is lightly damaged.
The thrashing horror tramples you.
You die...
Xom snickers!

. #
###
.
#@#
#.X#
####


You could see a thrashing horror.

Vanquished Creatures
  A ynoxinul (Abyss:1)
  2 orc priests
  Crazy Yiuf (D:3)
  An orc wizard (D:4)
  A hound (D:4)
  An iron imp (Abyss:1)
  A worker ant (D:3)
  Jessica (D:3)
  3 adders (D:2)
  A giant mite (D:2)
  2 ufetubi (Abyss:1)
  A worm (D:2)
  2 giant geckos
  An ooze (D:2)
  7 orcs
  4 giant cockroaches
  3 goblins
  4 hobgoblins
  10 jackals
  4 kobolds
  A quokka (D:4)
  7 bats
  5 giant newts
  A goblin zombie (D:4)
  A hobgoblin skeleton (D:3)
  13 rats
79 creatures vanquished.

Notes
Turn   | Place    | Note
--------------------------------------------------------------
     0 | D:1      | Misa, the Human Chaos Knight, began the quest for the Orb.
     0 | D:1      | Reached XP level 1. HP: 16/16 MP: 1/1
   108 | D:1      | XOM: mild Fire miscast
   136 | D:1      | Found a shimmering altar of Xom.
   166 | D:1      | XOM: divination: magic mapping
   177 | D:1      | Reached XP level 2. HP: 12/22 MP: 2/2
   569 | D:1      | Reached XP level 3. HP: 28/28 MP: 3/3
   760 | D:1      | XOM: harmless Necr miscast
  1000 | D:2      | XOM: divination: detect items
  1003 | D:2      | Reached XP level 4. HP: 26/34 MP: 4/4
  1198 | D:2      | Reached skill level 4 in Polearms
  1302 | D:2      | XOM: cast spell 'Blink'
  1303 | D:2      | XOM: noise
  1384 | D:2      | XOM: confuse monster(s)
  1584 | D:3      | XOM: cast spell 'Blink'
  1665 | D:3      | Reached XP level 5. HP: 25/40 MP: 5/5
  1826 | D:3      | Noticed Jessica
  1847 | D:3      | Killed Jessica
  2035 | D:3      | Noticed Crazy Yiuf
  2041 | D:3      | Killed Crazy Yiuf
  2452 | D:3      | XOM: mild Trmt miscast
  2728 | D:3      | Noticed Grinder
  2730 | D:3      | Paralysed by Grinder for 2 turns
  2793 | D:3      | XOM: medium Tloc miscast
  2890 | D:3      | Reached skill level 5 in Polearms
  2890 | D:3      | Reached XP level 6. HP: 36/47 MP: 6/6
  2963 | D:4      | XOM: harmless Necr miscast
  3003 | D:4      | Reached skill level 5 in Fighting
  3194 | D:4      | XOM: mild Conj miscast
  3202 | D:4      | Noticed Sigmund
  3241 | D:4      | XOM: medium Hex miscast
  3301 | D:4      | Cast into the Abyss (kobold)
  3307 | Abyss:1  | Gained mutation: You passively map a small area around you. [potion of mutation]
  3307 | Abyss:1  | Gained mutation: You have very sharp teeth. [potion of mutation]
  3307 | Abyss:1  | Gained mutation: You have a fast metabolism. [potion of mutation]
  3429 | Abyss:1  | XOM: mild Ice miscast
  3448 | Abyss:1  | Noticed a ynoxinul
  3509 | Abyss:1  | Killed a ynoxinul
  3509 | Abyss:1  | Reached XP level 7. HP: 29/53 MP: 7/7
  3673 | Abyss:1  | Noticed a thrashing horror
  3675 | Abyss:1  | XOM: harmless Necr miscast
  3677 | Abyss:1  | Gained mutation: You are agile. (Dex +2) [potion of beneficial mutation]
  3682 | Abyss:1  | Slain by a thrashing horror

Action                   |  1- 3 |  4- 6 |  7- 9 || total
-------------------------+-------+-------+-------++-------
Melee: Spear             |    81 |   128 |    12 ||   221
  Use: Scroll            |       |    11 |     1 ||    12
       Potion            |       |     7 |     3 ||    10
 Stab: Petrifying        |       |     1 |       ||     1
       Paralysed         |       |     1 |       ||     1
